 Dungeon Crawl Stone Soup version 0.26-a0-665-gefeb406119 (webtiles) character file.

Game seed: 11773811637590587243

24 somkeydreadnuts the Bolt Thrower (level 2, -3/26 HPs)
             Began as a Deep Dwarf Hunter on Oct 15, 2020.
             Slain by a worm (6 damage)
             ... on level 2 of the Dungeon.
             The game lasted 00:02:51 (691 turns).

somkeydreadnuts the Bolt Thrower (Deep Dwarf Hunter) Turns: 691, Time: 00:02:52

Health: -3/26      AC:  3    Str: 15    XL:     2   Next: 79%
Magic:  2/2        EV: 12    Int: 11    God:
Gold:   76         SH:  0    Dex: 13    Spells: 1/1 levels left

rFire    . . .     SeeInvis .   i - +0 hand axe
rCold    . . .     Faith    .   (no shield)
rNeg     . . .     Spirit   .   c - +0 leather armour
rPois    .         Reflect  .   (no helmet)
rElec    .         Harm     .   (no cloak)
rCorr    .         Rampage  .   (no gloves)
MR       .....                  (no boots)
Stlth    ..........             (no amulet)
HPRegen  0.00/turn              k - ring of flight
MPRegen  0.08/turn              l - ring of attention (curse)

@: non-regenerating
A: damage resistance, heal wounds, sense surroundings 1, no regeneration
a: Heal Wounds, Evoke Flight


You were on level 2 of the Dungeon.
You visited 1 branch of the dungeon, and saw 2 of its levels.

You collected 76 gold pieces.

Inventory:

Hand Weapons
 a - a +1 hand crossbow
 b - a +0 short sword
 i - a +0 hand axe (weapon)
Missiles
 d - 20 bolts
 h - 18 poisoned darts (quivered)
Armour
 c - a +0 leather armour (worn)
Jewellery
 k - a ring of flight (left hand)
 l - a cursed ring of attention (right hand)
Scrolls
 e - 3 scrolls of identify {unknown}
 g - 3 scrolls of fog


   Skills:
 + Level 2.0 Fighting
 + Level 0.4 Axes
 + Level 5.0 Crossbows
 + Level 0.2 Armour
 + Level 2.3 Dodging
 + Level 1.4 Stealth


You had one spell level left.
You didn't know any spells.
Your spell library was empty.

Dungeon Overview and Level Annotations

Branches:
Dungeon (2/15)

Altars:


Innate Abilities, Weirdness & Mutations

You are resistant to damage.
You can heal yourself by infusing magical energy.
You passively map a small area around you.
You do not regenerate.


Message History

The worm bites you!
* * * LOW HITPOINT WARNING * * *
You hit the worm.
The worm is heavily wounded.
The worm bites you.
You barely miss the worm.
The worm is heavily wounded.
The worm barely misses you.
You barely miss the worm.
The worm is moderately wounded.
You hit the worm.
The worm is heavily wounded.
The worm closely misses you.
You hit the worm but do no damage.
The worm is heavily wounded.
The worm bites you but does no damage.
You slash the worm!
The worm is severely wounded.
The worm bites you!
You die...

* ##########
..........#
..........#
..........#
..........##########
*<...........@w....$.
* * ,
..........#########.
..........# , *
.^........#*
#######†### ,
#...###* , ###...# **
###.# , #.#


You could see a worm.

Vanquished Creatures
  An ooze (D:1)
  A ball python (D:2)
  2 giant cockroaches
  3 hobgoblins (D:1)
  2 jackals (D:2)
  2 bats
  A frilled lizard (D:1)
  2 goblins (D:1)
  2 kobolds (D:1)
  4 rats
20 creatures vanquished.

Notes
Turn   | Place    | Note
-------+----------+-------------------------------------------
     0 | D:1      | somkeydreadnuts the Deep Dwarf Hunter began the quest for
                  | the Orb.
     0 | D:1      | Reached XP level 1. HP: 19/19 MP: 1/1
   238 | D:1      | Reached XP level 2. HP: 12/26 MP: 2/2
   253 | D:1      | Reached skill level 5 in Crossbows
   691 | D:2      | Slain by a worm

Illustrated notes

Levels and vault maps discovered:
D:1:      tarquinn_simple_flora_water_e, layout_loops_cross
D:2:      layout_rooms, hangedman_abyss_or_decor_stabs, grunt_ministairs_9,
          chequers_serial_rivers_small_b

Skill      XL: |  1  2 |
---------------+-------+-----
Crossbows      | 5 |  5.0
Fighting       | 2 |  2.0
Axes           | |  0.4
Armour         | |  0.2
Dodging        | |  2.3
Stealth        | |  1.4

Action                   || total
-------------------------++-------
Melee: Hand axe          ||   103
  Use: Scroll            ||     3
       Potion            ||     2
Armor: Leather armour    ||    27
Dodge: Dodged            ||    75

Table legend: (Time is in decaauts)
 A = Elapsed time spent in this place.
 B = Non-inter-level travel time spent in this place.
 C = Inter-level travel time spent in this place.
 D = Time resting spent in this place.
 E = Time spent auto-exploring this place.
 F = Levels seen in this place.
 G = Mean time per level.
                   A        B        C        D        E       F      G
               +--------+--------+--------+--------+--------+-----+--------+
         Total |    718 |    718 |      0 |      0 |    447 |   2 |  359.0 |
       Dungeon |    718 |    718 |      0 |      0 |    447 |   2 |  359.0 |
               +--------+--------+--------+--------+--------+-----+--------+

Top non-repeatable levels by time:
     D:1: 639 daAuts
     D:2: 78 daAuts
